 Dungeon Crawl Stone Soup version 0.21-a0-504-g2eda330 (webtiles) character file.

48 kae the Digger (level 3, 0/19 HPs)
             Began as a Gargoyle Earth Elementalist on Nov 25, 2017.
             Slain by a goblin
             ... wielding a +0 dagger
             ... led by Robin
              (7 damage)
             ... on level 2 of the Dungeon.
             The game lasted 00:01:53 (1712 turns).

kae the Digger (Gargoyle Earth Elementalist)        Turns: 1712, Time: 00:01:54

Health: 0/19       AC:  5    Str: 11    XL:     3   Next: 72%
Magic:  7/7        EV: 12    Int: 16    God:
Gold:   33         SH:  0    Dex: 10    Spells: 6/7 levels left

rFire    . . .     SeeInvis .   l - +0 club
rCold    . . .     Gourm    .   (no shield)
rNeg     + . .     Faith    .   c - +0 robe
rPois    ∞         Spirit   .   (no helmet)
rElec    +         Reflect  .   (no cloak)
rCorr    .         Harm     .   (no gloves)
MR       .....                  (no boots)
Stlth    ++........             (no amulet)
HPRegen  0.06/turn              (no ring)
MPRegen  0.10/turn              (no ring)

@: about to teleport
A: negative energy resistance 1, electricity resistance, unbreathing,
petrification resistance, rot immunity, AC +3
a: no special abilities


You were on level 2 of the Dungeon.
You were not hungry.

You visited 1 branch of the dungeon, and saw 2 of its levels.

You collected 33 gold pieces.

Inventory:

Hand Weapons
 l - a +0 club (weapon)
Missiles
 b - 7 stones (quivered)
Armour
 c - a +0 robe (worn)
Scrolls
 h - 2 scrolls of identify {unknown}
 i - a scroll of remove curse {unknown}
 j - 2 scrolls of enchant weapon {unknown}
 m - a scroll of immolation {unknown}
Potions
 g - a potion of haste {unknown}
 k - 2 potions of berserk rage {unknown}
Books
 e - a book of Geomancy

   Spells                             Type                      Level
   a - Sandblast                      Earth                        1
   b - Passwall                       Transmutation/Earth          2
   c - Stone Arrow                    Conjuration/Earth            3
   d - Petrify                        Transmutation/Earth          4
   e - Lee's Rapid Deconstruction     Earth                        5
Comestibles
 d - 3 bread rations
 f - a meat ration
 o - 3 fruits


   Skills:
 - Level 1.5 Dodging
 - Level 2.1 Stealth
 + Level 2.9 Spellcasting
   Level 0.7 Transmutations
 + Level 4.6 Earth Magic


You had 6 spell levels left.
You knew the following spells:

 Your Spells              Type           Power        Failure   Level  Hunger
a - Sandblast             Erth           ###...       2%          1    #......


Dungeon Overview and Level Annotations

Branches:
Dungeon (2/15)

Altars:
Yredelemnul

Annotations:
D:2 Robin


Innate Abilities, Weirdness & Mutations

You are resistant to torment.
Your stone body is resilient. (AC +3)
You are immune to poison.
You resist negative energy. (rN+)
You are resistant to electric shocks. (rElec)
You can survive without breathing.
You are immune to petrification.
You are immune to rotting.


Message History

The hobgoblin hits you but does no damage.
A goblin comes into view. It is wielding a dagger.
You barely miss the hobgoblin.
The hobgoblin is heavily wounded.
Robin throws the goblin at you! The goblin hits you with a dagger.
Robin roars a battlecry!
The goblins go into a battle-frenzy!
The hobgoblin barely misses you. The goblin closely misses you.
You hit the hobgoblin.
You kill the hobgoblin!
The goblin barely misses you. The goblin hits you but does no damage.
Unknown command.
Okay, then.
As you read the scroll of teleportation, it crumbles to dust.
You feel strangely unstable. The goblin barely misses you.
The goblin hits you but does no damage. The goblin hits you with a club!
You hit the goblin.
You kill the goblin!
The goblin hits you with a dagger!
You die...

#..##..
##.##.. #.##.#
#.##.# #..#.#
##.#.# #...#
###
##..#####g....
#.>.)@gggg.#
##.###g#g#...
#.# .# #.# ..
#.. ... #.#
#### ###


You could see Robin, 2 hobgoblins and 4 goblins.

Vanquished Creatures
  An adder (D:2)
  An ooze (D:2)
  A worm (D:2)
  2 ball pythons (D:1)
  4 goblins
  4 hobgoblins
  4 jackals (D:1)
  2 kobolds (D:1)
  5 frilled lizards (D:1)
  9 rats
33 creatures vanquished.

Vanquished Creatures (others)
  4 toadstools (D:1)
4 creatures vanquished.

Grand Total: 37 creatures vanquished

Notes
Turn   | Place    | Note
-------+----------+-------------------------------------------
     0 | D:1      | kae the Gargoyle Earth Elementalist began the quest for the Orb.
     0 | D:1      | Reached XP level 1. HP: 10/10 MP: 3/3
   275 | D:1      | Reached XP level 2. HP: 15/15 MP: 3/5
   299 | D:1      | Reached skill level 4 in Earth Magic
  1196 | D:1      | Reached XP level 3. HP: 19/19 MP: 4/6
  1662 | D:2      | Found a basalt altar of Yredelemnul.
  1704 | D:2      | Noticed Robin
  1712 | D:2      | Slain by a goblin

Vault maps used:
D:1:      ldierk_water_garden, minmay_misc_feat_columns, feat_on_display
D:2:      yredelemnul_altar_generic, first_bread, uniq_robin

Skill      XL: |  1  2 |
---------------+-------+-----
Earth Magic    | 4 |  4.6
Dodging        | |  1.5
Stealth        | |  2.1
Spellcasting   | |  2.9
Transmutations | |  0.7

Action                   || total
-------------------------++-------
Melee: Unarmed           ||    84
       Club              ||    38
 Cast: Sandblast         ||    23
  Use: Scroll            ||     2
 Stab: Sleeping          ||     4
  Eat: Chunk             ||     3
Armor: Robe              ||    46
Dodge: Dodged            ||    82

Table legend:
 A = Spawn XP
 B = Non-spawn XP
 C = Spawn XP percentage of total XP
 D = Spawn monster count
 E = Non-spawn monster count
 F = Spawn count percentage of total count
 G = Total turns spent on level
                    A         B        C        D         E        F      G
               +---------+---------+-------+---------+---------+-------+---------
         Total |       0 |      69 |   0.0 |       0 |      33 |   0.0 |  1712
               +---------+---------+-------+---------+---------+-------+---------
           D:1 |       0 |      36 |   0.0 |       0 |      25 |   0.0 |  1353
           D:2 |       0 |      33 |   0.0 |       0 |       8 |   0.0 |   359
               +---------+---------+-------+---------+---------+-------+---------
